 Dungeon Crawl Stone Soup version 0.23.2 (webtiles) character file.

Game seed: 12474640761260888118

517 snowfan the Conjurer (level 7, 0/51 HPs)
             Began as a Mummy Fire Elementalist on Apr 7, 2019.
             Was an Initiate of Qazlal.
             Slain by an orc wizard
             ... wielding a +0 dagger
              (4 damage)
             ... on level 5 of the Dungeon.
             The game lasted 00:16:20 (6437 turns).

snowfan the Conjurer (Mummy Fire Elementalist)      Turns: 6437, Time: 00:16:21

Health: 0/51       AC:  2    Str: 11    XL:     7   Next: 0%
Magic:  0/11       EV: 13    Int: 16    God:    Qazlal [......]
Gold:   92         SH:  0    Dex: 13    Spells: 2/11 levels left

rFire    x . .     SeeInvis .   q - +0 shortbow
rCold    + . .     Gourm    .   (shield currently unavailable)
rNeg     + + +     Faith    .   i - +0 robe (curse)
rPois    ∞         Spirit   .   (no helmet)
rElec    .         Reflect  .   (no cloak)
rCorr    .         Harm     .   (no gloves)
MR       .....                  (no boots)
Stlth    ++........             (no amulet)
HPRegen  0.17/turn              (no ring)
MPRegen  0.12/turn              (no ring)

@: very slightly contaminated
A: no food or potions, fire vulnerability, cold resistance 1, negative energy
resistance 3, torment resistance, unbreathing
a: Renounce Religion


You were on level 5 of the Dungeon.
You worshipped Qazlal.
Qazlal was noncommittal.
You were not hungry.

You visited 2 branches of the dungeon, and saw 6 of its levels.

You collected 92 gold pieces.

Inventory:

Hand Weapons
 k - a +1 dagger of speed
 l - a +2 hand axe of flaming
 q - a +0 shortbow (weapon)
 s - a +0 trident of pain
Missiles
 f - 71 stones
 n - 6 silver tomahawks
 r - 7 arrows (quivered)
Armour
 a - a +0 robe
 i - a cursed +0 robe (worn)
Wands
 p - a wand of acid (6)
Scrolls
 c - 2 scrolls of noise {unknown}
 d - 2 scrolls of blinking {unknown}
 e - 3 scrolls of remove curse {unknown}
 g - 2 scrolls of enchant weapon {unknown}
 h - 2 scrolls of magic mapping {unknown}
 j - a scroll of fear {unknown}
 m - a scroll of teleportation {unknown}
 o - a scroll of identify {unknown}


   Skills:
 + Level 2.8 Fighting
 + Level 3.0 Dodging
 - Level 1.5 Stealth
 - Level 2.6 Spellcasting
 * Level 3.9 Conjurations
 + Level 3.7 Fire Magic


You had 2 spell levels left.
You knew the following spells:

 Your Spells              Type           Power        Failure   Level  Hunger
a - Flame Tongue          Conj/Fire      ##...        4%          1    N/A
d - Conjure Flame         Conj/Fire      ##......     12%         3    N/A
s - Throw Flame           Conj/Fire      ##....       6%          2    N/A
x - Inner Flame           Hex/Fire       #.......     26%         3    N/A

Your spell library contained the following spells:

 Spells                   Type           Power        Failure   Level  Hunger
 Sticky Flame             Conj/Fire      ##......     36%         4    N/A
 Fireball                 Conj/Fire      ##........   73%         5    N/A

Dungeon Overview and Level Annotations

Branches:
Dungeon (5/15)             Temple (1/1) D:4

Altars:
Cheibriados
Dithmenos
Elyvilon
Fedhas
Gozag
Hepliaklqana
Kikubaaqudgha
Makhleb
Nemelex Xobeh
Okawaru
Qazlal
Ru
Sif Muna
Trog
Uskayaw
Vehumet
Wu Jian
Xom
Yredelemnul
Zin
The Shining One

Annotations:
D:4 3 runed translucent doors, DungeonDestroyer's ghost, amateur GnSk


Innate Abilities, Weirdness & Mutations

You do not eat or drink.
Your flesh is vulnerable to fire.
You are immune to poison.
Your flesh is cold resistant. (rC+)
You are immune to negative energy. (rN+++)
You are immune to unholy pain and torment.
You can survive without breathing.


Message History

Press: ? - help, Shift-Dir - straight line You shoot an arrow.
You hear some strange, mumbled words.
A magic dart appears from out of thin air!
The magic dart hits you.
* * * LOW HITPOINT WARNING * * *
Firing (i - inventory. (/) - cycle)
r - 8 arrows (quivered)
Press: ? - help, Shift-Dir - straight line, f - you
Okay, then.
Casting: Flame Tongue (safe; 4% risk of failure)
Confirm with . or Enter, or press ? or * to list all spells.
Aiming: Flame Tongue (safe; 4% risk of failure)
Press: ? - help, Shift-Dir - straight line Something hits you but does no damage.
Firing (i - inventory. (/) - cycle)
r - 8 arrows (quivered)
Press: ? - help, Shift-Dir - straight line You shoot an arrow.
Something hits you.
* * * LOW HITPOINT WARNING * * *
Something hits you.
You die...

#...##....#.÷..........
#...#.(...+............
#...##(.. #.<##.##..###
#...##'########.##..#
#............)......#
#...................+
#...##...###.###..###
#...##(..###.######
#.....@........#
#..............#
#...########..## #...
#### #.. #. ##


There were no monsters in sight!

Vanquished Creatures
  A centaur (D:5)
  A phantom (D:4)
  A wyvern skeleton (D:5)
  A crimson imp (D:5)
  A centaur skeleton (D:4)
  Jessica (D:2)
  An iguana (D:4)
  2 orc wizards (D:4)
  2 adders (D:2)
  An ooze (D:3)
  2 worms
  2 dart slugs
  6 leopard geckos
  8 orcs
  9 bats
  5 giant cockroaches
  9 goblins
  3 hobgoblins
  7 jackals
  5 quokkas
  2 ball pythons
  4 frilled lizards
  10 kobolds
  8 rats
92 creatures vanquished.

Notes
Turn   | Place    | Note
-------+----------+-------------------------------------------
     0 | D:1      | snowfan the Mummy Fire Elementalist began the quest for the
                  | Orb.
     0 | D:1      | Reached XP level 1. HP: 13/13 MP: 4/4
    70 | D:1      | Reached skill level 1 in Conjurations
   603 | D:1      | Reached XP level 2. HP: 16/19 MP: 3/5
  1901 | D:2      | Reached XP level 3. HP: 24/25 MP: 7/7
  2325 | D:2      | Noticed Jessica
  2329 | D:2      | Killed Jessica
  2329 | D:2      | Reached skill level 1 in Fighting
  2329 | D:2      | Reached XP level 4. HP: 24/32 MP: 3/8
  3686 | D:3      | Found an ornate altar of the Wu Jian Council.
  4382 | D:3      | Reached XP level 5. HP: 19/37 MP: 3/9
  4545 | D:3      | Learned a level 3 spell: Conjure Flame
  4549 | D:3      | Learned a level 3 spell: Inner Flame
  4552 | D:3      | Learned a level 2 spell: Throw Flame
  4678 | D:4      | Noticed an ice beast
  5340 | D:4      | Noticed a phantom
  5396 | D:4      | Killed a phantom
  5396 | D:4      | Reached XP level 6. HP: 26/45 MP: 2/10
  5664 | D:4      | Found a runed translucent gate.
  5664 | D:4      | Found a runed translucent gate.
  5664 | D:4      | Found a runed translucent gate.
  5690 | D:4      | Noticed DungeonDestroyer's ghost (amateur GnSk)
  5690 | D:4      | Noticed an ice beast
  5737 | D:4      | Found a staircase to the Ecumenical Temple.
  5747 | Temple   | Entered the Ecumenical Temple
  5930 | Temple   | Became a worshipper of Qazlal Stormbringer
  6162 | D:5      | Entered Level 5 of the Dungeon
  6422 | D:5      | Reached XP level 7. HP: 26/51 MP: 4/11
  6437 | D:5      | Slain by an orc wizard

Skill      XL: |  1  2  3  4  5  6 |
---------------+-------------------+-----
Conjurations   | 1 2 3 |  3.9
Fighting       | 1 2 |  2.8
Dodging        | 2 3 |  3.0
Fire Magic     | 3 |  3.7
Stealth        | |  1.5
Spellcasting   | |  2.6

Action                   |  1- 3 |  4- 6 |  7- 9 || total
-------------------------+-------+-------+-------++-------
Melee: Hand axe          |    41 |    39 |       ||    80
       Dagger            |       |    24 |       ||    24
       Shortbow          |       |       |     1 ||     1
 Fire: Shortbow          |       |    29 |     5 ||    34
Throw: Tomahawk          |       |    10 |       ||    10
 Cast: Flame Tongue      |    48 |   103 |     6 ||   157
       Conjure Flame     |       |     3 |       ||     3
       Throw Flame       |       |     2 |       ||     2
 Stab: Sleeping          |       |     2 |       ||     2
Armor: Robe              |    19 |    27 |     1 ||    47
Dodge: Dodged            |    52 |   100 |       ||   152
